 Seeded DCSS version 0.29-a0-1009-g60c99734e7 (webtiles) character file.

Game seed: 20220808 (custom seed)

12525 purpskrrrp the Covert (level 11, -1/83 HPs)
             Began as a Vampire Gladiator on Aug 8, 2022.
             Was an Elder of Dithmenos.
             Slain by an eight-headed hydra (10 damage)
             ... on level 1 of the Lair of Beasts.
             The game lasted 00:46:01 (12785 turns).

purpskrrrp the Covert (Vampire Gladiator)          Turns: 12785, Time: 00:46:04

Health: -1/83      AC: 17    Str: 15    XL:     11   Next: 63%
Magic:  33/33      EV: 17    Int: 11    God:    Dithmenos [****..]
Gold:   795        SH:  0    Dex: 20    Spells: 10/10 levels left

rFire   . . .      SeeInvis +   E - +6 trident "Rooxt" {vamp, rN+ MP+9 Str+2}
rCold   . . .      Faith    +   (no shield)
rNeg    + . .      Spirit   .   R - +0 acid dragon scales
rPois   .          Reflect  .   w - +2 helmet
rElec   .          Harm     .   I - +2 cloak
rCorr   +          Rampage  .   C - +2 pair of gloves
Will    +....                   h - +1 pair of boots
Stlth   +++++++...              A - amulet of faith
HPRegen 0.43/turn               l - ring of magical power
MPRegen 0.23/turn               (no ring)

@: about to teleport, healing quickly, wreathed by umbra
A: alive, fangs 3, see invisible, vampiric 2
a: Exsanguinate, Renounce Religion, Shadow Step


You were on level 1 of the Lair of Beasts.
You worshipped Dithmenos.
Dithmenos was greatly pleased with you.
You visited 3 branches of the dungeon, and saw 14 of its levels.

You collected 856 gold pieces.
You spent 61 gold pieces at shops.

Inventory:

Hand Weapons
 a - a +0 trident
 g - the +6 double sword "Kadif" {vorpal, rC+ rN++}
   (You acquired it on level 1 of the Dungeon)

   It inflicts extra damage upon your enemies.
   rC:        It protects you from cold.
   rN:        It greatly protects you from negative energy.
 k - a +2 whip of venom
 v - a +3 dagger of electrocution
 E - the +6 trident "Rooxt" (weapon) {vamp, rN+ MP+9 Str+2}
   (You found it on level 4 of the Dungeon)

   It occasionally heals its wielder for a portion of the damage dealt when it
   wounds a living foe.
   Str:       It affects your strength (+2).
   rN:        It protects you from negative energy.
   MP:        It affects your magic capacity (+9).
 N - a +0 short sword
Missiles
 e - 7 javelins (quivered)
 t - 6 curare-tipped darts
 D - 38 poisoned darts
 J - 5 silver boomerangs
Armour
 b - a +0 leather armour
 c - a +0 helmet
 d - a +0 tower shield
 h - a +1 pair of boots (worn)
 w - a +2 helmet (worn)
 C - a +2 pair of gloves (worn)
 I - a +2 cloak (worn)
 R - +0 acid dragon scales (worn)
 W - a +0 troll leather armour
Jewellery
 l - a ring of magical power (left hand)
 q - an amulet of guardian spirit
 A - an amulet of faith (around neck)
 Q - an amulet of the acrobat
Wands
 i - a wand of acid (6)
 y - a wand of roots (37)
 z - a wand of paralysis (26)
 L - a wand of flame (3)
 T - a wand of mindburst (4)
Scrolls
 o - 3 scrolls of noise
 u - a scroll of teleportation
 x - 2 scrolls of enchant armour
 G - a scroll of fear
 O - a scroll of enchant weapon
 P - a scroll of identify
 V - a scroll of torment
Potions
 f - 4 potions of might
 j - 10 potions of curing
 m - 3 potions of attraction
 n - 2 potions of resistance {unknown}
 p - a potion of magic {unknown}
 r - 5 potions of brilliance
 s - a potion of mutation {unknown}
 B - a potion of cancellation {unknown}
 F - a potion of ambrosia {unknown}
 K - 5 potions of heal wounds
 M - a potion of lignification {unknown}
 S - 2 potions of invisibility {unknown}
 U - a potion of degeneration {unknown}
 Y - a potion of flight {unknown}
Miscellaneous
 H - a piece from Xom's chessboard (15/15)


   Skills:
 + Level 6.6 Fighting
 * Level 9.9 Long Blades
 + Level 3.3 Polearms
 - Level 3.0 Throwing
 - Level 0.2 Armour
 + Level 8.6 Dodging
 + Level 11.0 Stealth
 + Level 7.6 Unarmed Combat
 + Level 5.7 Invocations


You had 10 spell levels left.
You didn't know any spells.
Your spell library contained the following spells:

 Spells                   Type           Power      Damage    Failure   Level
 Beastly Appendage        Tmut           0%         N/A       45%         1
 Poisonous Vapours        Pois/Air       0%         N/A       58%         2
 Wereblood                Tmut           0%         N/A       58%         2
 Conjure Flame            Conj/Fire      0%         6-21      83%         3
 Gell's Gravitas          Tloc           0%         N/A       83%         3
 Ignite Poison            Fire/Tmut/Pois 0%         N/A       83%         3
 Lesser Beckoning         Tloc           0%         N/A       83%         3
 Spider Form              Tmut/Pois      0%         N/A       83%         3
 Stone Arrow              Conj/Erth      0%         3d7       83%         3
 Teleport Other           Tloc           0%         N/A       83%         3
 Animate Armour           Summ/Erth      0%         N/A       99%         4
 Sticky Flame             Conj/Fire      0%         2d3       99%         4
 Eringya's Noxious Bog    Tmut/Pois      0%         N/A       100%        6
 Lehudib's Crystal Spear  Conj/Erth      0%         10d2      100%        8


Dungeon Overview and Level Annotations

Branches:
Dungeon (11/15)            Temple (1/1) D:5            Lair (2/5) D:8
    Orc (0/2) D:9
  Swamp: Lair:2-3    Shoals: Lair:2-3     Snake: Lair:2-3    Spider: Lair:2-3

Altars:
Ashenzari
Cheibriados
Dithmenos
Fedhas
Gozag
Hepliaklqana
Kikubaaqudgha
Makhleb
Nemelex Xobeh
Okawaru
Qazlal
Ru
Sif Muna
Trog
Uskayaw
Vehumet
Wu Jian
Xom
Yredelemnul

Shops:
D:2 *   D:6 (

Annotations:
D:6 2 transporters
Lair:2 1 transporter


Innate Abilities, Weirdness & Mutations

Your natural rate of healing is accelerated.
You have razor-sharp teeth.
You have supernaturally acute eyesight. (SInv)
You are afflicted with vampirism and can become a bat while bloodless.


Message History

The eight-headed hydra closely misses you.
The eight-headed hydra misses you.
The eight-headed hydra closely misses you.
The eight-headed hydra bites you! The eight-headed hydra misses you.
The eight-headed hydra closely misses you.
The eight-headed hydra barely misses you.
The eight-headed hydra attacks as you move away!
The eight-headed hydra barely misses you. x2
The eight-headed hydra closely misses you.
The eight-headed hydra bites you but does no damage.
The eight-headed hydra bites you! The eight-headed hydra misses you.
The eight-headed hydra closely misses you.
The eight-headed hydra barely misses you.
There is a stone staircase leading up here.
The eight-headed hydra barely misses you.
The eight-headed hydra closely misses you.
The eight-headed hydra bites you. The eight-headed hydra bites you!
The eight-headed hydra misses you.
The eight-headed hydra closely misses you. x2
The eight-headed hydra bites you but does no damage.
You climb upwards.
There is a stone staircase leading down here.
As you read the scroll of teleportation, it crumbles to dust.
You feel strangely unstable. The eight-headed hydra misses you.
The eight-headed hydra bites you. The eight-headed hydra misses you.
The eight-headed hydra bites you but does no damage. x5
You puncture the eight-headed hydra!
Your bite misses the eight-headed hydra.
The eight-headed hydra is moderately wounded.
The eight-headed hydra bites you but does no damage.
The eight-headed hydra bites you! x2
* * * LOW HITPOINT WARNING * * *
The eight-headed hydra barely misses you.
The eight-headed hydra bites you but does no damage.
The eight-headed hydra bites you!
* * * LOW HITPOINT WARNING * * *
The eight-headed hydra bites you.
* * * LOW HITPOINT WARNING * * *
The eight-headed hydra bites you!
You die...

..........P#### ##.#.8.#.#.....
..#####...###P#####......#.#.....
..# ###.#..............#.#.....
..# #.....#######.#...##..... ..#
#.P#.##### #..+.##...... .##
##^######.####.....###.##. ##
####.## ##.8.##.#...#..#.8..
#.##.# #.............#.....
######...## #8.@..+...8...+..>.8
#.........# #..D..#.............
........### ##.8....#####.##.8.#
........# ######......#####..
........## #..##.### #P.
.........# ##..^...## ##.
.........## #.#.....# #.
..........# ##.......# #.
..........## #....8...## ##


You could see an eight-headed hydra.

Vanquished Creatures
  A boulder beetle (Lair:1)
  A hydra (Lair:1)
  2 two-headed ogres
  A cyclops (D:11)
  3 cane toads
  Joseph (D:8)
  A komodo dragon (Lair:2)
  2 trolls
  A hornet (D:10)
  3 blink frogs (Lair:1)
  2 shadows (D:11)
  Sigmund (D:3)
  A vampire (D:9)
  5 yaks (D:10)
  A wraith (D:9)
  A wyvern (D:7)
  2 acid dragons
  2 wargs (D:8)
  2 water moccasins
  6 orc warriors
  A sky beast (D:7)
  2 black bears
  6 wolves (Lair:1)
  3 centaurs
  6 kobold brigands
  A gnoll sergeant (D:11)
  3 bullfrogs
  A necrophage (D:6)
  A scorpion (D:7)
  13 wights
  17 killer bees
  2 howler monkeys
  3 hounds
  2 jellies
  A gnoll bouda (D:5)
  2 orc priests
  Jessica (D:3)
  Ijyb (D:3)
  Natasha (thrice) (D:4)
  7 iguanas
  9 orc wizards
  Robin (D:3)
  9 gnolls
  7 adders
  2 white imps
  2 worms (D:4)
  39 orcs
  4 bats
  3 bat zombies (D:11)
  6 endoplasms
  4 giant cockroaches
  13 goblins
  9 hobgoblins
  9 jackals
  30 kobolds
  2 quokkas
  5 ball pythons
  2 frilled lizards
  3 rats
  A rat zombie (D:11)
275 creatures vanquished.

Vanquished Creatures (others)
  5 fungi
  24 plants
29 creatures vanquished.

Grand Total: 304 creatures vanquished

Notes
Turn   | Place    | Note
-------+----------+-------------------------------------------
     0 | D:1      | purpskrrrp the Vampire Gladiator began the quest for the
                  | Orb.
     0 | D:1      | Reached XP level 1. HP: 16/16 MP: 1/1
   202 | D:1      | Reached XP level 2. HP: 22/22 MP: 2/2
   307 | D:1      | Reached skill level 1 in Stealth
   567 | D:1      | Identified a scroll of acquirement
   567 | D:1      | Acquired the +6 double sword "Kadif" {vorpal, rC+ rN++}
   630 | D:2      | Found a faded altar of an unknown god.
   802 | D:2      | Found Wigg's General Store.
   826 | D:2      | Bought a scroll of identify for 22 gold pieces
   899 | D:2      | Reached skill level 1 in Unarmed Combat
  1173 | D:2      | Gained mutation: You are afflicted with vampirism and can
                  | become a bat while bloodless. [Vampire growth]
  1173 | D:2      | Reached XP level 3. HP: 27/27 MP: 3/3
  1439 | D:3      | Noticed Robin
  1459 | D:3      | Reached skill level 1 in Long Blades
  1464 | D:3      | Killed Robin
  1465 | D:3      | Reached skill level 2 in Stealth
  1542 | D:3      | Reached XP level 4. HP: 21/33 MP: 4/4
  1724 | D:3      | Noticed Sigmund
  1736 | D:3      | Killed Sigmund
  1737 | D:3      | Reached skill level 3 in Stealth
  1737 | D:3      | Reached XP level 5. HP: 34/39 MP: 5/5
  1809 | D:3      | Noticed Jessica
  1817 | D:3      | Killed Jessica
  1924 | D:3      | Reached XP level 6. HP: 43/46 MP: 6/6
  1948 | D:3      | Noticed Ijyb
  1954 | D:3      | Killed Ijyb
  2449 | D:4      | Noticed Natasha
  2462 | D:4      | Killed Natasha
  2628 | D:4      | Noticed Natasha
  2633 | D:4      | Killed Natasha
  2638 | D:4      | Noticed Natasha
  2642 | D:4      | Killed Natasha
  2769 | D:4      | Reached skill level 4 in Stealth
  2769 | D:4      | Reached XP level 7. HP: 46/52 MP: 7/7
  3180 | D:4      | Identified the +6 trident "Rooxt" {vamp, rN+ MP+9 Str+2}
  3352 | D:5      | Entered Level 5 of the Dungeon
  3352 | D:5      | Found a staircase to the Ecumenical Temple.
  3364 | Temple   | Entered the Ecumenical Temple
  3582 | Temple   | Became a worshipper of Dithmenos the Shadowed
  4356 | D:5      | Found a shimmering altar of Xom.
  4416 | D:5      | Reached skill level 5 in Dodging
  4416 | D:5      | Reached skill level 1 in Invocations
  4458 | D:5      | Reached skill level 5 in Stealth
  5080 | D:6      | Reached XP level 8. HP: 55/58 MP: 7/9
  5091 | D:6      | Found Veqom's Weapon Shop.
  5105 | D:6      | Bought 2 silver boomerangs for 39 gold pieces
  5135 | D:6      | Reached * piety under Dithmenos
  5198 | D:6      | Found a transporter.
  5215 | D:6      | Found a transporter.
  5414 | D:6      | Reached skill level 5 in Long Blades
  5542 | D:7      | Found a burning altar of Makhleb.
  5567 | D:7      | Reached skill level 6 in Stealth
  5891 | D:7      | Got the Precepts of Putrid Generation
  6054 | D:7      | Reached XP level 9. HP: 53/65 MP: 10/10
  6107 | D:8      | Reached skill level 7 in Stealth
  6316 | D:8      | Reached ** piety under Dithmenos
  6519 | D:8      | Found an opulent altar of Gozag.
  6534 | D:8      | Reached skill level 5 in Unarmed Combat
  6998 | D:7      | Reached skill level 8 in Stealth
  7135 | D:8      | Reached skill level 5 in Fighting
  7346 | D:8      | Noticed Joseph
  7416 | D:8      | Found a staircase to the Lair.
  7433 | D:8      | Killed Joseph
  7509 | D:8      | Reached XP level 10. HP: 51/74 MP: 12/12
  7515 | D:8      | Reached *** piety under Dithmenos
  7718 | D:8      | Found a shimmering blue altar of Sif Muna.
  7835 | D:8      | Found a hazy altar of Hepliaklqana.
  7836 | D:8      | Found a faded altar of an unknown god.
  8082 | D:9      | Found a stormy altar of Qazlal.
  8114 | D:9      | Noticed a two-headed ogre
  8122 | D:9      | Killed a two-headed ogre
  8123 | D:9      | Reached skill level 9 in Stealth
  8585 | D:9      | Found a staircase to the Orcish Mines.
  8918 | D:10     | Entered Level 10 of the Dungeon
  8992 | D:10     | Found an ornate altar of the Wu Jian Council.
  9088 | D:10     | Found a sparkling altar of Nemelex Xobeh.
  9172 | D:10     | Reached **** piety under Dithmenos
  9449 | D:10     | Found a radiant altar of Vehumet.
  9787 | D:10     | Found a sacrificial altar of Ru.
  9951 | D:11     | Reached skill level 5 in Invocations
 10095 | D:11     | Noticed a cyclops
 10103 | D:11     | Killed a cyclops
 10104 | D:11     | Reached skill level 10 in Stealth
 10104 | D:11     | Reached XP level 11. HP: 56/81 MP: 14/14
 10268 | D:11     | Found an ancient bone altar of Kikubaaqudgha.
 10385 | D:11     | Noticed a boulder beetle
 10388 | D:11     | Noticed a two-headed ogre
 10398 | D:11     | Killed a two-headed ogre
 10401 | D:11     | Noticed a boulder beetle
 10602 | Lair:1   | Entered Level 1 of the Lair of Beasts
 11489 | Lair:1   | Noticed a five-headed hydra
 11502 | Lair:1   | Killed a five-headed hydra
 11657 | Lair:1   | Noticed a boulder beetle
 11686 | Lair:1   | Killed a boulder beetle
 12364 | Lair:2   | Found a transporter.
 12473 | Lair:2   | Reached skill level 11 in Stealth
 12542 | Lair:2   | Noticed an eight-headed hydra
 12774 | Lair:2   | Noticed a spriggan rider
 12778 | Lair:2   | Noticed a brown ugly thing
 12785 | Lair:1   | Slain by an eight-headed hydra

Illustrated notes

Levels and vault maps discovered:
D:1:      sevenhm_arrival_forest_fort_small_4, layout_loops_cross
D:2:      layout_basic, serial_shops, shop, basic_ecumenical_altar
D:3:      wad_river_or_something, layout_basic, uniq_jessica, uniq_sigmund,
          uniq_ijyb, uniq_robin
D:4:      minmay_spotlight, layout_loops_ring, uniq_natasha
D:5:      layout_layer_cave, xom_butterflies, minmay_temple_entry_sparse_star,
          serial_bayou_lagoon_b
D:6:      gammafunk_steamed_eel, layout_basic, serial_shops,
          nicolae_shop_bloodbath_and_beyond
D:7:      layout_cave_pools, mainiacjoe_overflow_catwalk,
          minmay_misc_feat_four_crosses
D:8:      layout_cave_pools, mainiacjoe_overflow_large_starburst,
          beargit_hepliaklqana_dungeon_heroes, erik_lair_orcish_takeover,
          uniq_joseph
D:9:      layout_stronghold, grunt_qazlal_clouds, orc_0_dummy,
          serial_column_ruins, column_ruins_hut, column_ruins_hut,
          column_ruins_grid_1, column_ruins_columns_straight,
          column_ruins_open_small, column_ruins_grid_1,
          column_ruins_columns_straight, grunt_ministairs_15
D:10:     minmay_skewed_foursquare, layout_cave_pools, elyvilon_altar_5,
          mainiacjoe_overflow_paths, fiery_altar_vehumet, hangedman_ru_absence,
          nicolae_wu_jian_immortal_techniques
D:11:     layout_loops_cross, lemuel_zombie_altar_kikubaaqudgha
Temple:   jpeg_temple_clearing
Lair:1:   layout_cave_pods, serial_bayou_shore_b, grunt_megastairs_1
Lair:2:   wander_river, layout_long_grid, gammafunk_ghost_abyssal_escape,
          disabler_island, uniq_sonja, uniq_nergalle

Skill      XL: |  1  2  3  4  5  6  7  8  9 10 11 |
---------------+----------------------------------+-----
Stealth        | 1 2 3 4 5 6 8 10 11 | 11.0
Fighting       | 2 3 4 5 6 |  6.6
Unarmed Combat | 1 2 3 4 5 6 7 |  7.6
Long Blades    | 1 2 3 4 6 7 9 |  9.9
Throwing       | 2 3 |  3.0
Dodging        | 4 5 6 8 |  8.6
Invocations    | 1 2 3 5 |  5.7
Polearms       | 3 |  3.3
Armour         | |  0.2

Action                   |  1- 3 |  4- 6 |  7- 9 | 10-12 || total
-------------------------+-------+-------+-------+-------++-------
Melee: Trident           |    37 |       |       |     9 ||    46
       Bite              |     6 |     5 |    25 |    34 ||    70
       Double sword      |    56 |    79 |   260 |   269 ||   664
       Whip              |     4 |       |       |       ||     4
       Punch             |       |       |     7 |    12 ||    19
       Dagger            |       |       |       |     9 ||     9
Throw: Throwing net      |       |     2 |     1 |     3 ||     6
  Use: Scroll            |     1 |       |    11 |    17 ||    29
       Potion            |       |       |       |     1 ||     1
 Stab: Sleeping          |     4 |     3 |    13 |    21 ||    41
       Held in net/web   |       |     1 |       |     2 ||     3
       Distracted        |       |       |     1 |       ||     1
Armor: Leather armour    |    43 |    31 |    98 |    11 ||   183
       Acid dragon scale |       |       |       |   111 ||   111
Dodge: Dodged            |    90 |    61 |   307 |   382 ||   840

Table legend: (Time is in decaauts)
 A = Elapsed time spent in this place.
 B = Non-inter-level travel time spent in this place.
 C = Inter-level travel time spent in this place.
 D = Time resting spent in this place.
 E = Time spent auto-exploring this place.
 F = Levels seen in this place.
 G = Mean time per level.
                   A        B        C        D        E       F      G
               +--------+--------+--------+--------+--------+-----+--------+
         Total |  12950 |  12312 |    638 |   2153 |   7737 |  14 |  925.0 |
       Dungeon |  10533 |  10089 |    444 |   1605 |   6384 |  11 |  957.5 |
        Temple |    232 |    139 |     93 |      0 |    110 |   1 |  232.0 |
          Lair |   2184 |   2083 |    101 |    548 |   1242 |   2 | 1092.0 |
               +--------+--------+--------+--------+--------+-----+--------+

Top non-repeatable levels by time:
  Lair:1: 1619 daAuts
     D:5: 1360 daAuts
     D:7: 1249 daAuts
     D:3: 1113 daAuts
     D:8: 1107 daAuts
     D:4: 1103 daAuts
     D:9: 1091 daAuts
    D:10: 1059 daAuts
     D:2: 723 daAuts
     D:1: 603 daAuts
    D:11: 582 daAuts
  Lair:2: 565 daAuts
     D:6: 538 daAuts
  Temple: 232 daAuts
